 Dungeon Crawl Stone Soup version 0.22.0-16-gc6d26f6 (webtiles) character file.

11870 shmeve the Cleaver (level 11, -2/148 (151) HPs)
             Began as a Minotaur Berserker on Aug 17, 2018.
             Was a High Priest of Trog.
             Slain by a ten-headed hydra (6 damage)
             ... on level 11 of the Dungeon.
             The game lasted 00:23:26 (9812 turns).

shmeve the Cleaver (Minotaur Berserker)             Turns: 9812, Time: 00:23:27

HP:   -2/148 (151)  AC: 10    Str: 29    XL:     11   Next: 55%
MP:   10/10         EV: 12    Int:  4    God:    Trog [*****.]
Gold: 647           SH:  6    Dex: 11    Spells: 10/10 levels left

rFire    . . .     SeeInvis .   l - +3 hand axe (chop)
rCold    . . .     Gourm    .   e - +0 buckler
rNeg     . . .     Faith    .   r - +0 chain mail
rPois    .         Spirit   .   (helmet restricted)
rElec    .         Reflect  .   t - scarf {repulsion}
rCorr    .         Harm     .   (no gloves)
MR       ++...                  (no boots)
Stlth    ..........             v - amulet of the acrobat
HPRegen  0.34/turn              s - ring of protection from magic
MPRegen  0.12/turn              w - ring of protection from magic

@: berserking, repel missiles, very quick
A: retaliatory headbutt, horns 2
a: Berserk, Trog's Hand, Brothers in Arms, Renounce Religion


You were on level 11 of the Dungeon.
You worshipped Trog.
Trog was extremely pleased with you.
You were hungry.

You visited 1 branch of the dungeon, and saw 11 of its levels.
You also visited: Sewer.

You collected 647 gold pieces.

Inventory:

Hand Weapons
 l - a +3 hand axe of chopping (weapon)
Missiles
 I - a javelin of returning (quivered)
Armour
 e - a +0 buckler (worn)
 r - a +0 chain mail (worn)
 t - a scarf of repulsion (worn)
 z - a +0 cloak of poison resistance
Jewellery
 s - a ring of protection from magic (left hand)
 v - an amulet of the acrobat (around neck)
 w - a ring of protection from magic (right hand)
 E - a cursed -3 ring of strength {unknown}
Wands
 u - a wand of disintegration (9)
Scrolls
 d - 2 scrolls of enchant armour {unknown}
 f - 2 scrolls of fear {unknown}
 g - 16 scrolls of identify {unknown}
 h - 5 scrolls of magic mapping {unknown}
 k - 4 scrolls of enchant weapon {unknown}
 n - a scroll of summoning {unknown}
 o - 4 scrolls of blinking {unknown}
 p - 3 scrolls of teleportation {unknown}
 x - a scroll of noise {unknown}
 y - a scroll of amnesia {unknown}
 C - a scroll of silence {unknown}
 D - a scroll of fog {unknown}
 F - 3 scrolls of remove curse {unknown}
 H - 2 scrolls of random uselessness {unknown}
 J - 2 scrolls of torment {unknown}
Potions
 b - 2 potions of brilliance {unknown}
 i - 4 potions of might {unknown}
 j - 4 potions of mutation {unknown}
 m - 3 potions of curing {unknown}
 q - a potion of agility
 A - 3 potions of flight {unknown}
 B - a potion of heal wounds {unknown}
 G - 2 potions of haste {unknown}
 K - 2 potions of cancellation {unknown}
Comestibles
 a - 24 chunks of flesh
 c - 32 rations


   Skills:
 * Level 10.8 Fighting
 * Level 10.9 Axes
 + Level 5.9 Throwing
 + Level 7.8 Armour
 + Level 6.9 Dodging
 - Level 0.4 Stealth
 * Level 10.8 Shields


You had 10 spell levels left.
You didn't know any spells.
Your spell library was empty.

Dungeon Overview and Level Annotations

Branches:
Dungeon (11/15)            Temple (0/1) D:5            Lair (0/6) D:9
    Orc: D:9-12

Altars:
Cheibriados
Dithmenos
Elyvilon
Fedhas
Makhleb
Nemelex Xobeh
Okawaru
Ru
Trog
Uskayaw
Vehumet
Wu Jian
Zin
The Shining One

Shops:
D:7 }   D:8 [


Innate Abilities, Weirdness & Mutations

You reflexively headbutt those who attack you in melee.
You have a pair of horns on your head.


Message History

The seven-headed hydra barely misses you.
The seven-headed hydra closely misses you.
The seven-headed hydra bites you but does no damage.
The seven-headed hydra bites you!
* * * LOW HITPOINT WARNING * * *
The seven-headed hydra bites you but does no damage.
You lop one of the seven-headed hydra's heads off!
The six-headed hydra grows two more!
You hit the eight-headed hydra.
The eight-headed hydra is heavily wounded.
You slice one of the eight-headed hydra's heads off!
The seven-headed hydra grows two more!
You hit the nine-headed hydra.
The nine-headed hydra is heavily wounded.
You hack one of the nine-headed hydra's heads off!
The eight-headed hydra grows two more!
You slice the ten-headed hydra!! You headbutt the ten-headed hydra!
The ten-headed hydra is severely wounded.
The ten-headed hydra bites you!
* * * LOW HITPOINT WARNING * * *
The ten-headed hydra barely misses you. The ten-headed hydra bites you.
You die...

##...♣.............P
#....P♣[............
#...♣.......(......P
#......................
##.......)........P(..P
##............#........
##<...........## ..P...P
#<..........D## .......
##<.........@.###..P...P
##........))..#........
##........().....P...P
##......)))..........
##......()†....P...P
##.....)......)....
##...........P...P
##...............
##.........P...P


You could see a ten-headed hydra.

Vanquished Creatures
  A two-headed ogre (D:8)
  A centaur warrior (D:10)
  An unseen horror (D:10)
  Pikel (D:8)
  2 centaur zombies (D:10)
  A gargoyle (D:10)
  A troll (D:10)
  Prince Ribbit (D:7)
  3 hippogriffs
  A vampire (D:10)
  An air elemental (D:10)
  12 yaks
  2 steam dragons (D:7)
  A fire elemental (D:10)
  An acid dragon (D:11)
  4 porcupines (D:9)
  2 black bears
  4 slaves (D:8)
  A phantom (D:6)
  5 ice beasts
  Purgy (Sewer)
  An orc warrior (D:6)
  5 centaurs
  3 necrophages
  5 ogres
  A big kobold (D:11)
  2 crocodiles (D:9)
  Blork the orc (D:4)
  An earth elemental (D:10)
  5 bullfrogs
  3 scorpions
  7 killer bees
  A howler monkey (D:10)
  A bullfrog zombie (D:7)
  7 crimson imps
  3 quasits
  A jelly (D:11)
  9 hounds
  A bullfrog skeleton (D:11)
  6 orc priests
  A centaur skeleton (D:11)
  13 orc wizards
  Crazy Yiuf (D:4)
  4 iguanas
  Natasha (thrice) (D:3)
  7 worker ants
  A hound skeleton (D:11)
  Robin (D:3)
  16 adders
  7 gnolls
  A river rat (D:5)
  3 shadow imps
  An ooze (D:2)
  A worm (D:5)
  4 dart slugs
  A leopard gecko (D:2)
  37 orcs
  11 bats
  5 giant cockroaches
  13 goblins
  9 hobgoblins
  11 kobolds
  3 quokkas (D:6)
  3 frilled lizards
  9 rats
  3 fungi
279 creatures vanquished.

Vanquished Creatures (others)
  A water elemental (D:10)
  A bush (D:11)
  10 fungi (D:9)
  2 plants (D:9)
14 creatures vanquished.

Grand Total: 293 creatures vanquished

Notes
Turn   | Place    | Note
-------+----------+-------------------------------------------
     0 | D:1      | shmeve the Minotaur Berserker began the quest for the Orb.
     0 | D:1      | Reached XP level 1. HP: 19/19 MP: 0/0
    63 | D:1      | Reached skill level 1 in Shields
   204 | D:1      | Reached XP level 2. HP: 25/26 MP: 1/1
   709 | D:2      | Reached XP level 3. HP: 27/31 MP: 2/2
   720 | D:2      | Reached ** piety under Trog
   824 | D:2      | HP: 2/49 [poisoned by an adder]
  1087 | D:2      | Reached XP level 4. HP: 40/40 MP: 3/3
  1424 | D:3      | Found a white marble altar of Elyvilon.
  1497 | D:3      | Noticed Natasha
  1504 | D:3      | Killed Natasha
  1540 | D:3      | Noticed Natasha
  1549 | D:3      | Killed Natasha
  1549 | D:3      | Reached skill level 1 in Throwing
  1549 | D:3      | Reached XP level 5. HP: 29/46 MP: 4/4
  2028 | D:3      | Found a shadowy altar of Dithmenos.
  2074 | D:3      | Noticed Robin
  2074 | D:3      | Noticed Natasha
  2081 | D:3      | Killed Natasha
  2083 | D:3      | Killed Robin
  2294 | D:4      | Reached XP level 6. HP: 52/53 MP: 5/5
  2427 | D:4      | Found an ornate altar of the Wu Jian Council.
  2430 | D:4      | Noticed Blork the orc
  2433 | D:4      | Killed Blork the orc
  2433 | D:4      | Reached skill level 5 in Axes
  2623 | D:4      | Found an iron altar of Okawaru.
  2682 | D:4      | Found a bloodstained altar of Trog.
  2766 | D:4      | Found a runed door.
  2968 | D:4      | Noticed Crazy Yiuf
  2972 | D:4      | Killed Crazy Yiuf
  3086 | D:5      | Entered Level 5 of the Dungeon
  3115 | D:5      | Found a glowing drain.
  3119 | Sewer    | Entered a sewer
  3138 | Sewer    | Reached skill level 5 in Fighting
  3220 | Sewer    | Noticed Purgy
  3226 | Sewer    | Killed Purgy
  3226 | Sewer    | Reached skill level 5 in Shields
  3226 | Sewer    | Reached XP level 7. HP: 61/61 MP: 6/6
  3321 | D:5      | Found a glowing silver altar of Zin.
  3352 | D:5      | Found a staircase to the Ecumenical Temple.
  3363 | D:5      | Reached *** piety under Trog
  3484 | D:5      | Found a burning altar of Makhleb.
  3702 | D:5      | Found a sacrificial altar of Ru.
  3715 | D:5      | Found a blossoming altar of Fedhas.
  3717 | D:5      | Found a radiant altar of Vehumet.
  3724 | D:5      | Found a hide-covered altar of Uskayaw.
  3859 | D:6      | Reached XP level 8. HP: 68/70 MP: 7/7
  3922 | D:6      | Identified the Reference Book on Talismans and Execration
  4797 | D:7      | Reached **** piety under Trog
  4843 | D:7      | Reached skill level 5 in Armour
  4995 | D:7      | Noticed Prince Ribbit
  5006 | D:7      | Killed Prince Ribbit
  5006 | D:7      | Reached XP level 9. HP: 79/79 MP: 8/8
  5092 | D:7      | Found Toetawnok's Gadget Emporium.
  5339 | D:7      | Found a glowing golden altar of the Shining One.
  5927 | D:8      | Noticed a two-headed ogre
  5937 | D:8      | Killed a two-headed ogre
  5937 | D:8      | Reached skill level 5 in Dodging
  6149 | D:8      | Noticed Pikel
  6166 | D:8      | Killed Pikel
  6238 | D:8      | Found Boreres's Antique Armour Shop.
  6416 | D:8      | Reached XP level 10. HP: 89/90 MP: 9/9
  6425 | D:8      | Found a snail-covered altar of Cheibriados.
  7116 | D:9      | Found a staircase to the Lair.
  7529 | D:9      | Found a sparkling altar of Nemelex Xobeh.
  7585 | D:9      | Received a gift from Trog
  7763 | D:9      | Reached skill level 5 in Throwing
  8002 | D:10     | Entered Level 10 of the Dungeon
  8002 | D:10     | Found a large runed door.
  8328 | D:10     | Reached ***** piety under Trog
  8425 | D:10     | Reached skill level 10 in Axes
  8523 | D:10     | Reached skill level 10 in Fighting
  8525 | D:10     | Reached skill level 10 in Shields
  8571 | D:10     | Killed an unseen horror
  8571 | D:10     | Reached XP level 11. HP: 24/97 MP: 10/10
  9031 | D:10     | Noticed a centaur warrior
  9038 | D:10     | Killed a centaur warrior
  9375 | D:10     | Found a large runed door.
  9546 | D:11     | Received a gift from Trog
  9799 | D:11     | Noticed a five-headed hydra
  9812 | D:11     | HP: 4/148 [ten-headed hydra (12)]
  9812 | D:11     | Slain by a ten-headed hydra

Skill      XL: |  1  2  3  4  5  6  7  8  9 10 |
---------------+-------------------------------+-----
Shields        | 2 3 4 5 7 8 10 | 10.8
Axes           | 4 5 6 7 8 10 | 10.9
Fighting       | 4 5 6 7 8 10 | 10.8
Throwing       | 1 2 3 4 5 |  5.9
Armour         | 3 4 5 6 7 |  7.8
Dodging        | 3 4 5 6 |  6.9
Stealth        | |  0.4

Action                   |  1- 3 |  4- 6 |  7- 9 | 10-12 || total
-------------------------+-------+-------+-------+-------++-------
Melee: Hand axe          |    57 |    92 |   241 |   282 ||   672
       Headbutt          |     4 |    10 |    39 |    67 ||   120
Throw: Tomahawk          |       |       |       |     7 ||     7
       Javelin           |       |       |       |    23 ||    23
Invok: Berserk           |     2 |     2 |     6 |     6 ||    16
       Trog's Hand       |     1 |       |       |     3 ||     4
  Use: Potion            |     5 |       |       |       ||     5
 Stab: Sleeping          |     2 |     1 |       |       ||     3
  Eat: Chunk             |     3 |     7 |    17 |    13 ||    40
       Ration            |       |       |       |     1 ||     1
Armor: Animal skin       |    12 |     8 |       |       ||    20
       Chain mail        |       |    22 |   102 |   116 ||   240
Dodge: Dodged            |    21 |    60 |   137 |   170 ||   388
       Deflected         |       |     1 |     4 |     2 ||     7
Block: Buckler           |     2 |    15 |    60 |    94 ||   171
